 Dungeon Crawl Stone Soup version 0.26-a0-53-g45f243fec8 (webtiles) character file.

Game seed: 1364461082735258205

60 D1HalberdGnoll the Sneak (level 3, 0/19 HPs)
             Began as a Vampire Enchanter on June 7, 2020.
             Slain by a leopard gecko (3 damage)
             ... on level 2 of the Dungeon.
             The game lasted 00:02:33 (1238 turns).

D1HalberdGnoll the Sneak (Vampire Enchanter)        Turns: 1238, Time: 00:02:34

Health: 0/19       AC:  3    Str:  8    XL:     3   Next: 82%
Magic:  6/6        EV: 13    Int: 17    God:
Gold:   89         SH:  0    Dex: 14    Spells: 5/6 levels left

rFire    . . .     SeeInvis +   a - +1 dagger
rCold    + + .     Gourm    .   (no shield)
rNeg     + + +     Faith    .   b - +0 robe
rPois    ∞         Spirit   .   j - +0 helmet
rElec    .         Reflect  .   (no cloak)
rCorr    .         Harm     .   (no gloves)
MR       .....                  (no boots)
Stlth    +++++.....             (no amulet)
HPRegen  0.00/turn              (no ring)
MPRegen  0.10/turn              (no ring)

@: bloodless
A: no food, fangs 3, see invisible, unbreathing
a: Bat Form, Revivify


You were on level 2 of the Dungeon.
You were bloodless.

You visited 1 branch of the dungeon, and saw 2 of its levels.

You collected 89 gold pieces.

Inventory:

Hand Weapons
 a - a +1 dagger (weapon)
Missiles
 e - 8 poisoned darts (quivered)
Armour
 b - a +0 robe (worn)
 j - a +0 helmet (worn)
Jewellery
 d - an uncursed ring of see invisible {unknown}
 k - an uncursed ring of ice {unknown}
Scrolls
 c - a scroll of identify {unknown}
 f - a scroll of noise {unknown}
 g - a scroll of teleportation {unknown}
 i - a scroll of blinking {unknown}
Potions
 h - a potion of lignification {unknown}


   Skills:
 * Level 2.4 Short Blades
 + Level 2.9 Dodging
 + Level 5.9 Stealth
 - Level 2.0 Spellcasting
 - Level 4.4 Hexes


You had 5 spell levels left.
You knew the following spells:

 Your Spells              Type           Power        Failure   Level  Hunger
a - Corona                Hex            ###....      3%          1    N/A

Your spell library contained the following spells:

 Spells                   Type           Power        Failure   Level  Hunger
 Confusing Touch          Hex            ###.....     10%         3    N/A
 Tukima's Dance           Hex            ###.....     10%         3    N/A
 Ensorcelled Hibernation  Hex/Ice        #.....       12%         2    N/A
 Dazzling Flash           Conj/Hex       #.....       24%         3    N/A

Dungeon Overview and Level Annotations

Branches:
Dungeon (2/15)

Altars:
Wu Jian


Innate Abilities, Weirdness & Mutations

You do not eat.
You do not regenerate when monsters are visible.
You are frail without blood (-20% HP).
You can heal yourself when you bite living creatures.
You are immune to poison.
You have razor-sharp teeth.
You have supernaturally acute eyesight. (SInv)
You can survive without breathing.


Message History

The leopard gecko bites you but does no damage.
You closely miss the adder.
The adder is heavily wounded.
The adder bites you but does no damage. The leopard gecko misses you.
The adder barely misses you. The leopard gecko misses you.
You miss the adder.
The adder is heavily wounded.
The adder bites you but does no damage. The leopard gecko misses you.
You hit the adder.
The adder is almost dead.
The adder barely misses you. The leopard gecko bites you.
* * * LOW HITPOINT WARNING * * *
You barely miss the adder. Your bite misses the adder.
The adder is almost dead.
The adder closely misses you.
The leopard gecko bites you but does no damage.
You hit the adder.
You kill the adder!
The leopard gecko bites you.
You die...

##### #...# #...#
####...######
##..!......... #######
#......l...# ..)...#
#.....@....# #####.#
#.###..(##### ##.##
#.##...?......
#...####.##....######
#.#...........#.#
##........##.#.....
#............#.#.#.###
#.###.######.#....## #
#. .#.#.##


You could see a leopard gecko.

Vanquished Creatures
  2 adders (D:2)
  A dart slug (D:1)
  A leopard gecko (D:2)
  3 giant cockroaches (D:1)
  7 goblins
  6 hobgoblins
  4 jackals (D:1)
  2 kobolds (D:1)
  5 bats
  A frilled lizard (D:2)
  2 rats (D:1)
34 creatures vanquished.

Notes
Turn   | Place    | Note
-------+----------+-------------------------------------------
     0 | D:1      | D1HalberdGnoll the Vampire Enchanter began the quest for
                  | the Orb.
     0 | D:1      | Reached XP level 1. HP: 13/13 MP: 3/3
   278 | D:1      | Reached skill level 5 in Stealth
   278 | D:1      | Reached XP level 2. HP: 17/19 MP: 5/5
   798 | D:1      | Reached XP level 3. HP: 18/24 MP: 4/6
  1040 | D:2      | Found an ornate altar of the Wu Jian Council.
  1238 | D:2      | Slain by a leopard gecko

Illustrated notes

Levels and vault maps discovered:
D:1:      scummos_arrival_simple_crosswalls, layout_loops_cross
D:2:      layout_loops_ring, lemuel_round_altar, minmay_pentomino_u4

Skill      XL: |  1  2  3 |
---------------+----------+-----
Stealth        | 5 |  5.9
Short Blades   | 2 |  2.4
Dodging        | |  2.9
Spellcasting   | |  2.0
Hexes          | |  4.4

Action                   || total
-------------------------++-------
Melee: Dagger            ||   182
       Bite              ||     9
 Cast: Corona            ||    10
 Abil: Exsanguinate      ||     1
 Stab: Sleeping          ||     6
Armor: Robe              ||    47
Dodge: Dodged            ||   170

Table legend:
 A = Non-vault XP
 B = Vault XP
 C = Vault XP percentage of total XP
 D = Non-vault monster count
 E = Vault monster count
 F = Vault count percentage of total count
                 A         B        C        D         E       F
            +---------+---------+-------+---------+---------+-------
      Total |      87 |       0 |   0.0 |      34 |       0 |   0.0
            +---------+---------+-------+---------+---------+-------
        D:1 |      46 |       0 |   0.0 |      24 |       0 |   0.0
        D:2 |      41 |       0 |   0.0 |      10 |       0 |   0.0
            +---------+---------+-------+---------+---------+-------
